Map: Tropic Shores

Players

inventor

  • Race: Protoss Protoss
  • Spawn Location: 0:00

Waterboy

  • Race: Protoss Protoss
  • Spawn Location: 11:00

NitoKing

  • Race: Protoss Protoss
  • Spawn Location: 12:00

Infamous

  • Race: Protoss Protoss
  • League: Gold
  • Spawn Location: 12:00

LgdOscurO

  • Race: Protoss Protoss
  • League: Platinum
  • Spawn Location: 6:00

YONICATEMACO

  • Race: Zerg Zerg
  • Spawn Location: 6:00

lamasticas

  • Race: Terran Terran
  • Spawn Location: 5:00

ITVboyXsX

  • Race: Terran Terran
  • League: Platinum
  • Spawn Location: 5:00

VOD

Have the link to the VOD?

Description

Time

  • Played on: April 14, 2018, 11:27 a.m.
  • Length: 11:11
Show
View Real Time Build Order
Export as new Build Order

inventor Protoss 

Build Orders: Nexus First 

Get SALT Encoding   

  12  0:00  Probe (Chrono Boost)  
  13  0:10  Probe (Chrono Boost)  
  14  0:15  Probe (Chrono Boost)  
  15  0:46  Nexus  
  15  0:58  Pylon  
  15  1:16  Probe  
  16  1:21  Gateway  
  16  1:25  Assimilator  
  16  1:28  Probe  
  16  1:30  Assimilator  
  17  1:40  Probe (Chrono Boost)  
  18  1:52  Probe (Chrono Boost)  
  19  1:58  Probe (Chrono Boost)  
  20  2:07  Probe  
  21  2:19  Probe  
  21  2:31  Probe  
  8  3:07  Probe (Chrono Boost)  
  5  3:17  Probe (Chrono Boost)  
  6  3:22  Probe (Chrono Boost)  
  7  3:34  Probe  
  8  3:46  Probe  
  7  4:02  Pylon  
  7  4:04  Pylon  
  7  4:05  Pylon  
  7  4:07  Pylon  
  7  4:08  Pylon  
  4  4:10  Pylon  
  1  4:40  Probe (Chrono Boost)  
  2  4:46  Probe (Chrono Boost)  
  3  4:53  Probe  
Show
View Real Time Build Order
Export as new Build Order

Waterboy Protoss 

Build Orders: Cannon Rush 

Get SALT Encoding   

  12  0:23  Probe  
  13  0:32  Pylon  
  13  0:44  Probe (Chrono Boost)  
  14  0:53  Probe (Chrono Boost)  
  14  0:57  Forge  
  15  0:58  Probe (Chrono Boost)  
  16  1:10  Probe (Chrono Boost)  
  17  1:29  Pylon  
  17  1:38  Pylon  
  17  1:41  Pylon  
  17  1:48  Photon Cannon  
  17  1:51  Photon Cannon  
  17  1:53  Photon Cannon  
  17  1:57  Photon Cannon  
  17  2:15  Photon Cannon  
  17  2:20  Photon Cannon  
  17  2:23  Photon Cannon  
  17  2:40  Photon Cannon  
  17  2:44  Pylon  
  17  3:14  Pylon  
  17  3:23  Photon Cannon  
  17  3:34  Pylon  
  16  3:56  Photon Cannon  
  16  4:20  Photon Cannon  
  16  5:02  Photon Cannon  
  16  5:04  Photon Cannon  
  16  5:06  Photon Cannon  
  16  5:07  Photon Cannon  
  16  5:11  Photon Cannon  
  16  5:12  Photon Cannon  
  16  5:23  Pylon  
  16  5:26  Pylon  
  16  5:28  Pylon  
  16  5:36  Pylon  
  16  6:29  Photon Cannon  
Show
View Real Time Build Order
Export as new Build Order

NitoKing Protoss 

Build Orders: Cannon Rush 

Get SALT Encoding   

  12  0:29  Pylon  
  12  0:50  Forge  
  12  0:53  Gateway  
  12  1:01  Probe (Chrono Boost)  
  13  1:11  Probe (Chrono Boost)  
  14  1:16  Probe (Chrono Boost)  
  15  1:26  Photon Cannon  
  15  1:37  Photon Cannon  
  15  1:44  Photon Cannon  
  15  1:55  Probe (Chrono Boost)  
  16  2:02  Pylon  
  16  2:05  Probe (Chrono Boost)  
  17  2:10  Probe (Chrono Boost)  
  18  2:25  Cybernetics Core  
  18  2:29  Assimilator  
  18  2:31  Probe (Chrono Boost)  
  19  2:37  Assimilator  
  19  2:41  Probe (Chrono Boost)  
  20  2:46  Probe (Chrono Boost), Pylon  
  21  2:57  Probe  
  22  3:11  Photon Cannon  
  22  3:25  Photon Cannon  
  22  3:28  Photon Cannon  
  22  3:31  Photon Cannon  
  22  3:35  Pylon  
  22  3:40  Photon Cannon  
  22  3:46  Pylon  
  22  3:50  Shield Battery  
  22  3:58  Photon Cannon  
  22  4:10  Photon Cannon  
  22  4:21  Photon Cannon  
  22  4:33  Photon Cannon  
  22  4:47  Stargate  
  22  5:03  Stargate  
  22  6:04  Void Ray x2  
  30  6:11  Pylon  
  30  6:32  Stargate x2  
  29  6:55  Void Ray x2  
  37  7:04  Robotics Facility  
  37  7:40  Nexus  
  37  7:59  Pylon  
  37  8:01  Pylon  
  37  8:09  Observer (Chrono Boost)  
  38  8:16  Void Ray  
  38  8:17  Void Ray  
  46  9:22  Void Ray x2  
  54  9:32  Pylon  
  54  9:40  Photon Cannon  
  54  9:42  Photon Cannon  
  54  9:44  Photon Cannon  
  54  9:50  Photon Cannon  
  54  9:54  Photon Cannon  
  54  9:57  Photon Cannon  
  54  10:01  Probe (Chrono Boost)  
  55  10:12  Probe (Chrono Boost)  
  56  10:17  Probe (Chrono Boost)  
Show
View Real Time Build Order
Export as new Build Order

Infamous Protoss 

Build Orders: Colossus Rush 

Get SALT Encoding   

  12  0:05  Probe  
  13  0:20  Probe  
  13  0:21  Pylon  
  14  0:33  Probe (Chrono Boost)  
  15  0:39  Gateway  
  15  1:00  Probe  
  16  1:10  Assimilator  
  16  1:12  Probe (Chrono Boost)  
  17  1:23  Probe (Chrono Boost)  
  18  1:33  Cybernetics Core  
  18  1:39  Probe  
  19  1:40  Assimilator  
  19  1:43  Pylon  
  19  1:57  Probe  
  20  2:10  Probe, Robotics Facility  
  20  2:11  Warp Gate (Chrono Boost)  
  21  2:22  Probe  
  22  2:23  Adept  
  23  2:34  Gateway  
  23  2:36  Probe  
  24  2:48  Probe  
  27  2:51  Adept  
  27  3:02  Observer  
  28  3:10  Nexus  
  28  3:14  Probe  
  29  3:23  Adept  
  31  3:39  Robotics Bay  
  31  3:58  Pylon  
  31  4:16  Probe  
  32  4:26  Pylon  
  32  4:34  Probe x2  
  34  4:44  Disruptor (Chrono Boost)  
  40  4:46  Probe x2  
  39  4:54  Adept x2  
  43  5:10  Extended Thermal Lance (Chrono Boost)  
  43  5:13  Warp Prism (Chrono Boost)  
  43  5:21  Stalker  
  47  5:22  Sentry  
  49  5:37  Probe  
  50  5:46  Pylon  
  50  5:48  Pylon  
  51  5:50  Probe  
  51  5:51  Probe  
  51  5:53  Pylon  
  51  5:54  Colossus  
  58  6:02  Probe  
  59  6:28  Probe x2  
  59  6:31  Assimilator  
  58  6:34  Shield Battery  
  58  6:36  Shield Battery, Assimilator  
  58  6:42  Probe x2  
  49  7:08  Stalker  
  49  7:09  Stalker  
  34  7:41  Stalker x2  
  34  7:43  Colossus  
  40  7:51  Gateway  
  40  7:53  Probe  
  40  7:55  Gateway  
  41  7:58  Gateway  
  41  8:05  Probe  
  41  8:11  Forge  
  17  8:50  Pylon  
  8  9:57  Pylon  
  8  9:58  Probe  
  9  10:10  Probe (Chrono Boost)  
  10  10:15  Pylon  
  10  10:18  Pylon  
  11  10:22  Probe (Chrono Boost)  
  11  10:25  Robotics Facility  
  11  10:31  Probe (Chrono Boost)  
  11  10:35  Stalker  
  14  10:36  Stalker  
Show
View Real Time Build Order
Export as new Build Order

LgdOscurO Protoss 

Build Orders:  

Get SALT Encoding   

  12  0:03  Probe  
  13  0:18  Probe  
  14  0:30  Probe  
  14  0:35  Pylon  
  15  0:41  Pylon  
  15  0:53  Probe  
  16  1:01  Gateway  
  16  1:06  Assimilator  
  16  1:12  Probe  
  16  1:14  Gateway  
  17  1:18  Assimilator  
  17  1:30  Forge  
  17  1:55  Zealot  
  17  1:58  Probe  
  20  2:10  Probe  
  21  2:17  Cybernetics Core  
  21  2:24  Gateway  
  21  2:29  Probe  
  22  2:49  Photon Cannon  
  22  3:03  Warp Gate (Chrono Boost)  
  22  3:11  Twilight Council  
  22  3:16  Pylon  
  22  3:23  Pylon  
  22  3:25  Probe  
  23  3:37  Probe  
  24  3:49  Probe  
  24  3:53  Photon Cannon  
  25  4:01  Probe  
  25  4:02  Pylon  
  26  4:08  Shield Battery  
  26  4:28  Robotics Facility  
  26  4:32  Dark Shrine  
  26  4:41  Shield Battery  
  26  5:05  Stalker  
  28  5:07  Stalker x2  
  32  5:35  Zealot x2  
  34  5:36  Zealot  
  32  6:25  Dark Templar x3  
  38  6:32  Warp Prism  
  40  6:37  Pylon  
  40  6:39  Pylon  
  40  6:41  Pylon  
  40  6:54  Nexus  
  32  9:28  Gateway  
  32  9:30  Gateway  
  32  9:33  Gateway  
  32  9:35  Gateway  
  32  9:37  Probe  
  33  9:38  Gateway  
  33  9:39  Gateway  
  33  9:41  Gateway  
  33  9:43  Gateway, Assimilator  
  33  9:47  Assimilator  
  33  9:49  Pylon, Probe  
  33  9:50  Pylon  
  34  9:52  Photon Cannon  
  34  9:54  Photon Cannon  
  34  10:01  Probe  
  34  10:06  Observer  
  36  10:13  Pylon, Probe  
  37  10:14  Pylon  
  37  10:26  Probe  
  38  11:09  Stalker  
  38  11:10  Stalker x3  
  38  11:11  Stalker  
Show
View Real Time Build Order
Export as new Build Order

YONICATEMACO Zerg 

Build Orders: Pool First 

Get SALT Encoding   

  12  0:08  Overlord  
  12  0:13  Drone  
  13  0:18  Drone  
  14  0:27  Drone  
  15  0:33  Drone  
  16  0:46  Spawning Pool  
  16  0:47  Drone  
  16  0:54  Extractor  
  16  0:56  Drone  
  16  1:02  Drone  
  17  1:13  Drone  
  18  1:29  Drone  
  19  1:34  Queen  
  19  1:39  Overlord  
  21  1:53  Zergling x2  
  22  1:58  Zergling x2  
  22  2:00  Hatchery  
  22  2:07  Drone  
  23  2:17  Metabolic Boost  
  23  2:19  Zergling x2  
  24  2:37  Zergling x2  
  24  2:39  Drone  
  26  2:48  Drone  
  26  2:49  Drone x2  
  26  2:50  Hatchery  
  28  2:57  Zergling x2  
  29  3:07  Roach Warren  
  28  3:13  Zergling x2  
  28  3:14  Zergling x2  
  28  3:19  Zergling x2  
  31  3:23  Queen  
  33  3:28  Overlord  
  33  3:31  Drone  
  34  3:36  Zergling x2  
  34  3:37  Drone  
  36  3:54  Zergling x8  
  40  3:58  Roach x2  
  40  4:02  Drone  
  45  4:05  Drone  
  45  4:06  Drone  
  47  4:12  Drone  
  47  4:16  Drone  
  49  4:19  Drone  
  50  4:25  Overlord  
  50  4:28  Overlord  
  50  4:30  Overlord  
  50  4:45  Lair  
  50  4:56  Drone x2  
  50  4:58  Spine Crawler  
  51  5:01  Queen  
  51  5:03  Queen  
  55  5:07  Roach x2  
  55  5:09  Drone x3  
  55  5:10  Drone x2  
  55  5:11  Drone  
  55  5:13  Drone  
  64  5:23  Roach  
  64  5:28  Zergling x10  
  60  5:41  Roach x2  
  62  5:44  Zergling x8  
  62  5:45  Zergling x2  
  62  5:46  Drone  
  68  5:52  Zergling x4  
  68  5:53  Drone  
  69  6:04  Roach  
  69  6:05  Roach  
  73  6:17  Overlord x3  
  73  6:18  Drone  
  74  6:33  Extractor  
  73  6:40  Drone x2  
  73  6:42  Drone x6  
  81  6:52  Drone  
  81  6:53  Roach x2  
  86  7:06  Roach  
  86  7:07  Roach x5  
  97  7:20  Hatchery, Roach  
  97  7:21  Overlord x3  
  93  7:32  Roach x2  
  97  7:48  Hydralisk Den  
  97  7:51  Roach x3  
  97  7:57  Roach  
  97  7:58  Zergling x8  
  100  7:59  Zergling x8  
  106  8:12  Roach x3  
  108  8:30  Extractor  
  108  8:31  Extractor  
Show
View Real Time Build Order
Export as new Build Order

lamasticas Terran 

Build Orders: MMM Bio 

Get SALT Encoding   

  12  0:01  SCV  
  13  0:14  SCV  
  14  0:24  Supply Depot  
  14  0:26  SCV  
  15  0:40  Refinery  
  15  0:46  SCV  
  15  0:49  Barracks  
  16  0:58  SCV  
  17  1:10  SCV  
  18  1:25  SCV  
  19  1:38  Supply Depot  
  19  1:40  SCV  
  19  1:43  Command Center  
  19  1:44  Barracks Tech Lab  
  20  1:55  Orbital Command  
  20  2:10  Refinery  
  20  2:22  Marine  
  21  2:23  SCV  
  22  2:36  Ghost Academy  
  22  2:39  SCV  
  22  2:41  Ghost Academy  
  23  2:52  SCV  
  23  2:55  Orbital Command  
  24  3:18  Barracks  
  24  3:20  Barracks  
  24  3:23  Ghost  
  26  3:30  Supply Depot  
  26  3:39  Factory  
  26  3:44  SCV  
  26  3:45  SCV  
  28  3:51  Refinery  
  28  3:56  Personal Cloaking  
  28  4:08  Barracks Tech Lab x2  
  28  4:14  Supply Depot  
  28  4:16  Stimpack  
  28  4:25  Supply Depot, Nuke  
  29  4:31  SCV x2  
  29  4:37  Refinery  
  30  4:46  Supply Depot  
  30  4:53  Starport  
  30  5:19  SCV x2  
  32  5:22  Nuke  
  32  5:29  Marauder x2  
  32  5:30  Marauder  
  38  5:37  Starport Reactor  
  38  5:39  Factory Tech Lab  
  38  5:43  Supply Depot  
  38  5:48  Barracks  
  38  6:31  Marauder x3  
  44  6:33  SCV x2  
  44  6:36  Supply Depot  
  44  6:37  Medivac x2  
  44  6:38  Barracks Reactor  
  50  6:40  Combat Shields  
  50  6:41  Concussive Shells  
  50  6:42  Supply Depot  
  50  6:43  Nuke  
  50  7:10  Marauder x2  
  50  7:15  Siege Tank  
  57  7:19  Supply Depot  
  57  7:22  Engineering Bay  
  57  7:28  Marine x2  
  57  7:29  Marauder  
  61  7:31  Command Center, SCV  
  61  7:32  SCV  
  63  7:44  SCV  
  64  7:45  Armory  
  64  7:49  Engineering Bay  
  64  7:57  Marine x2  
  64  7:58  Marine  
  67  7:59  Marauder x2  
  67  8:00  Siege Tank  
  67  8:02  Medivac  
  67  8:04  Medivac  
  78  8:08  Supply Depot  
  78  8:12  Nuke  
  78  8:32  Nuke  
  78  8:34  Marine x2  
  78  8:35  Marauder x3  
  86  8:43  SCV x2, Orbital Command  
  86  8:47  Supply Depot  
  88  8:51  Supply Depot  
  88  8:54  Marine x2  
  88  8:55  Viking  
  88  8:56  Marine x3, Viking  
  88  9:01  SCV x2  
  97  9:12  Marine  
  97  9:13  SCV, Ghost  
  97  9:14  Marine x3  
  104  9:25  Supply Depot  
  104  9:29  Marine  
  104  9:30  Supply Depot  
  105  9:32  Ghost x2  
  109  9:43  Marine x2  
  111  9:45  Siege Tank  
  111  9:51  Viking x2  
  118  9:54  Marine  
  118  9:57  Supply Depot x2  
  119  10:01  Marine x4  
  123  10:10  Command Center  
  123  10:12  Marine  
  124  10:18  Marine x2  
  124  10:19  Marine  
  126  10:31  Ghost  
  125  10:36  Ghost  
  125  10:39  Marine x2  
  125  10:40  Ghost  
Show
View Real Time Build Order
Export as new Build Order

ITVboyXsX Terran 

Build Orders: MMM Bio 

Get SALT Encoding   

  12  0:01  SCV  
  13  0:13  SCV  
  14  0:25  SCV  
  15  0:35  Refinery  
  15  0:37  Supply Depot  
  15  0:59  SCV  
  15  1:02  Barracks  
  16  1:11  SCV  
  17  1:19  Barracks  
  17  1:26  Barracks, SCV  
  18  1:39  SCV  
  19  1:44  Supply Depot  
  19  1:52  Barracks Tech Lab  
  19  1:57  SCV  
  20  2:14  Marauder  
  20  2:15  Marine  
  23  2:16  Barracks Reactor  
  23  2:28  Stimpack  
  23  2:35  Supply Depot, Orbital Command  
  23  2:41  Marauder  
  23  2:44  Marine  
  26  3:06  Marauder  
  26  3:07  Barracks Reactor  
  26  3:08  Marine x2  
  30  3:13  Refinery  
  30  3:14  Supply Depot  
  30  3:28  Marine x2, Marauder  
  34  3:38  SCV  
  35  3:44  Supply Depot  
  35  3:49  Marine, Marauder  
  35  3:50  Marine  
  35  3:51  SCV  
  40  4:10  Supply Depot  
  40  4:14  Marauder  
  40  4:15  Marine x2  
  40  4:16  Marine x2  
  46  4:29  Concussive Shells  
  46  4:30  Factory  
  46  4:50  SCV  
  47  5:00  Marine x2, Marauder  
  47  5:01  Marine x2  
  29  5:26  Marine x2, Marauder  
  29  5:27  Marine x2  
  35  5:35  Combat Shields  
  35  5:38  SCV, Factory Tech Lab  
  36  5:44  Starport  
  36  6:03  Siege Tank  
  39  6:06  Marauder  
  39  6:07  Marine x4  
  45  6:28  Medivac  
  47  6:41  Marine, Marauder  
  47  6:42  Marine  
  47  6:44  Marine x2  
  53  6:50  Command Center  
  53  7:11  Starport Reactor  
  53  7:15  Refinery  
  53  7:43  Command Center  
  28  9:15  Marine x2  
  30  9:17  Marine x2  
  30  9:18  Marine  
  30  9:22  Orbital Command  
  33  9:28  Orbital Command  
  33  9:30  Refinery  
  33  9:33  Marine x2  
  33  9:35  Marine x2  
  33  9:36  Marine  
  38  9:42  Supply Depot  
  38  9:47  Engineering Bay, Armory  
  38  9:50  Medivac x2  
  38  9:51  Marine x2  
  44  9:53  Marine x2  
  44  9:54  Marine  
  47  10:03  SCV  
  47  10:06  SCV  
  49  10:08  Marine  
  49  10:09  Marine  
  49  10:11  Marine x2, Supply Depot  
  49  10:12  Marine  
  54  10:15  SCV  
  54  10:18  SCV  
  56  10:26  Marine x2  
  56  10:27  SCV  
  59  10:28  Marine  
  59  10:29  Marine  
  59  10:30  Marine, SCV  
  64  10:42  SCV  
  64  10:44  Marine x2  
  64  10:46  Marine x2  
  64  10:47  Marine  
Tags
 
Add a new tag
Caveats
  • Supply blocks, unpowered buildings, or Contaminate may cause inaccurate times.
  • Supply counts are checked every 10 seconds.